 Dungeon Crawl Stone Soup version 0.30-a0-165-g1891117ce2 (webtiles) character file.

Game seed: 9822238474392435049

185 qw the Chopper (level 5, -2/32 HPs)
             Began as a Gargoyle Fighter on Sept 28, 2022.
             Slain by Edmund
             ... wielding a +5 flail of protection
              (11 damage)
             ... on level 4 of the Dungeon.
             The game lasted 00:01:08 (2874 turns).

qw the Chopper (Gargoyle Fighter)                   Turns: 2874, Time: 00:01:08

Health: -2/32      AC: 16    Str: 21    XL:     5   Next: 64%
Magic:  5/5        EV: 11    Int: 13    God:
Gold:   157        SH:  4    Dex:  9    Spells: 4/4 levels left

rFire   . . .      SeeInvis .    Y - +0 war axe
rCold   . . .      Faith    .    c - +0 buckler
rNeg    + . .      Spirit   .    o - +0 chain mail
rPois   inf        Reflect  .    q - +1 helmet "Wad Peos" {Int+4 Slay-2 Stlth+}
rElec   +          Harm     .    (no cloak)
rCorr   .          Rampage  .    (no gloves)
Will    .....                    h - +0 pair of boots
Stlth   ..........               (no amulet)
HPRegen 0.10/turn                r - +4 ring of evasion
MPRegen 0.09/turn                (no ring)

@: no status effects
A: sickness immunity, AC +4, negative energy resistance 1, electricity
resistance, torment resistance 1, petrification resistance
a: no special abilities


You were on level 4 of the Dungeon.
You visited 1 branch of the dungeon, and saw 4 of its levels.

You collected 157 gold pieces.


Innate Abilities, Weirdness & Mutations

You are immune to sickness and miasma.
Your stone body is resilient. (AC +4)
You are immune to poison.
You resist negative energy. (rN+)
You are resistant to electric shocks. (rElec)
You are resistant to unholy torment.
You are immune to petrification.


   Skills:
 + Level 3.5 Fighting
 - Level 5.1 Axes
 - Level 3.2 Armour
 - Level 3.2 Shields


You had 4 spell levels left.
You didn't know any spells.
Your spell library was empty.

Inventory:

Hand Weapons
 b - a +0 flail
 Y - a +0 war axe (weapon)
Missiles
 s - 2 boomerangs (quivered)
Armour
 c - a +0 buckler (worn)
 e - an orb of wrath
 h - a +0 pair of boots (worn)
 m - a +0 pair of gloves
 o - a +0 chain mail (worn)
 q - the +1 helmet "Wad Peos" (worn) {Int+4 Slay-2 Stlth+}
   (You found it on level 3 of the Dungeon)

   Int:       It affects your intelligence (+4).
   Slay:      It affects your accuracy & damage with ranged weapons and melee
   (-2).
   Stlth:     It makes you more stealthy.
Jewellery
 r - a +4 ring of evasion (left hand)
Scrolls
 a - 2 scrolls of identify
Potions
 d - a potion of might
 f - a potion of mutation
 g - 5 potions of curing
 i - a potion of lignification
 j - a potion of brilliance {unknown}
 k - a potion of attraction {unknown}
 l - a potion of cancellation
 n - a potion of magic {unknown}
 p - a potion of heal wounds {unknown}

Dungeon Overview and Level Annotations

Branches:
Dungeon (4/15)
 Temple: D:4-7

Altars:
Xom

Annotations:
D:4 Edmund


Message History

You throw a boomerang. The boomerang hits the endoplasm.
The endoplasm is heavily wounded.
You slash the endoplasm!
You kill the endoplasm!
Edmund the Younger comes into view.
He is wielding a +5 flail of protection and wearing a +2 ring mail of poison resistance.
Edmund shouts!
You hear a shout! x4; You hear an angry hiss.
Throw: 2 boomerangs
Press: ? - help, Q - select action Shift-Dir - straight line, f - Edmund You throw a boomerang.
The boomerang hits Edmund.
Edmund is lightly wounded.
Edmund says, "People will remember me!
They'll remember me and die!"
You barely miss Edmund.
Edmund is lightly wounded.
Edmund hits you but does no damage.
You slash Edmund!
Edmund is lightly wounded.
Edmund barely misses you.
You slash Edmund!
Edmund is moderately wounded.
Edmund hits you with a +5 flail of protection!
You closely miss Edmund.
Edmund is moderately wounded.
You block Edmund's attack. Edmund hits you but does no damage.
You hit Edmund.
Edmund is heavily wounded.
Edmund hits you with a +5 flail of protection.
You hit Edmund.
Edmund is heavily wounded.
Edmund hits you with a +5 flail of protection!
You slash Edmund!
Edmund is severely wounded.
Edmund barely misses you.
Edmund hits you with a +5 flail of protection.
You closely miss Edmund.
Edmund is severely wounded.
Edmund closely misses you.
You barely miss Edmund.
Edmund is severely wounded.
Edmund hits you with a +5 flail of protection!
You die...

## . .# # .## #.
..# #.##.#
#...@##
#.#######@.###
#.......#....#.#
######.........#
##.....#####....
#..###...# #.#
#..#####.## .
##...# ..# ##
###.## #.## ....
#..###..# ....


You could see Edmund.

Vanquished Creatures
  A hound (D:4)
  5 adders
  3 worms
  10 dart slugs
  11 orcs
  6 bats
  7 endoplasms
  3 giant cockroaches
  6 goblins
  3 hobgoblins
  5 kobolds
  3 quokkas (D:3)
  4 ball pythons
  A frilled lizard (D:3)
  2 rats (D:1)
70 creatures vanquished.

Notes
Turn   | Place    | Note
-------+----------+-------------------------------------------
     0 | D:1      | qw the Gargoyle Fighter began the quest for the Orb.
     0 | D:1      | Reached XP level 1. HP: 14/14 MP: 1/1
     0 | D:1      | 0 ||| qw: Version: 0.2-a-12-gaebbb33
     0 | D:1      | 0 ||| qw: Game counter: 891
     0 | D:1      | 0 ||| qw: Always use a shield: true
     0 | D:1      | 0 ||| qw: God list: Okawaru
     0 | D:1      | 0 ||| qw: Allow faded altars: false
     0 | D:1      | 0 ||| qw: Do Orc after D:15 true
     0 | D:1      | 0 ||| qw: Do second Lair branch before Depths: true
     0 | D:1      | 0 ||| qw: Lair rune preference: random
     0 | D:1      | 0 ||| qw: Plans: Normal, Zot:1-4, God:TSO, Crypt, Tomb,
                  | Pan, Slime:5, Hells, Abyss, Orb
     0 | D:1      | 0 ||| PLANNING D:1-11
   124 | D:1      | Reached skill level 2 in Axes
   228 | D:1      | 228 ||| Stepping ~*~*~tactically~*~*~ (stealth).
   447 | D:1      | Reached XP level 2. HP: 19/19 MP: 2/2
   464 | D:1      | Found a faded altar of an unknown god.
   928 | D:1      | 928 ||| UPGRADING to +0 pair of boots.
   933 | D:1      | 933 ||| UPGRADING to +0 chain mail.
   943 | D:1      | 943 ||| DROPPING +0 scale mail.
   944 | D:1      | 944 ||| READING scroll labelled GIFEUP KOGH.
   949 | D:1      | 949 ||| READING 4 scrolls labelled KOSYZO NEWEPY.
   950 | D:1      | 950 ||| READING scroll labelled MUWKUE ATUILE.
   951 | D:1      | 951 ||| DROPPING 3 scrolls of magic mapping.
   982 | D:2      | 982 ||| STAIRDANCE
  1127 | D:2      | Reached skill level 3 in Axes
  1136 | D:2      | Reached XP level 3. HP: 21/23 MP: 3/3
  1166 | D:2      | 1166 ||| Stepping ~*~*~tactically~*~*~ (stealth).
  1169 | D:2      | 1169 ||| Stepping ~*~*~tactically~*~*~ (hiding).
  1696 | D:2      | Reached XP level 4. HP: 28/28 MP: 4/4
  1754 | D:2      | Found a shimmering altar of Xom.
  1799 | D:2      | 1799 ||| DROPPING ring of magical power.
  1800 | D:2      | 1800 ||| READING scroll labelled LOYROUDGH ALYEB.
  1801 | D:2      | 1801 ||| READING scroll labelled EWEUWANORI.
  1848 | D:2      | 1848 ||| DRINKING 2 orange potions.
  1849 | D:2      | 1849 ||| READING 2 scrolls of identify.
  1849 | D:2      | 1849 ||| IDENTIFYING ruby potion
  1864 | D:3      | 1864 ||| PLANNING SEWER
  1867 | D:3      | 1867 ||| STAIRDANCE
  1874 | D:3      | Reached skill level 4 in Axes
  1874 | D:3      | 1874 ||| STAIRDANCE
  1991 | D:2      | 1991 ||| DROPPING +0 whip.
  2295 | D:3      | Identified the +1 helmet "Wad Peos" {Int+4 Slay-2 Stlth+}
  2363 | D:3      | 2363 ||| Stepping ~*~*~tactically~*~*~ (stealth).
  2371 | D:3      | 2371 ||| Stepping ~*~*~tactically~*~*~ (stealth).
  2377 | D:3      | 2377 ||| Stepping ~*~*~tactically~*~*~ (stealth).
  2398 | D:3      | 2398 ||| Stepping ~*~*~tactically~*~*~ (stealth).
  2438 | D:3      | Reached XP level 5. HP: 28/32 MP: 5/5
  2529 | D:3      | 2529 ||| RIP SEWER
  2588 | D:3      | 2588 ||| PLANNING D:1-11
  2588 | D:3      | 2588 ||| UPGRADING to +1 helmet "Wad Peos" {Int+4 Slay-2
                  | Stlth+}.
  2593 | D:3      | 2593 ||| UPGRADING to +4 ring of evasion.
  2594 | D:3      | 2594 ||| READING scroll labelled YQAGIR QIJATI.
  2595 | D:3      | 2595 ||| READING scroll labelled YLABLUV MEXI.
  2596 | D:3      | 2596 ||| READING scroll labelled SEKLIMOKHLE.
  2597 | D:3      | 2597 ||| DRINKING 2 smoky clear potions.
  2598 | D:3      | 2598 ||| READING 2 scrolls of identify.
  2598 | D:3      | 2598 ||| IDENTIFYING red potion
  2672 | D:4      | 2672 ||| FLEEEEING.
  2673 | D:4      | 2673 ||| FLEEEEING.
  2674 | D:4      | 2674 ||| STAIRDANCE
  2781 | D:4      | 2781 ||| Stepping ~*~*~tactically~*~*~ (stealth).
  2783 | D:4      | 2783 ||| Stepping ~*~*~tactically~*~*~ (stealth).
  2796 | D:4      | Reached skill level 5 in Axes
  2863 | D:4      | Noticed Edmund
  2872 | D:4      | HP: 8/32 [Edmund/+5 flail of protection (4)]
  2874 | D:4      | Slain by Edmund

Levels and vault maps discovered:
D:1:      scummos_arrival_star, layout_basic, nicolae_ecumenical_lake_church,
          skrybe_limestone_x
D:2:      layout_rooms, basic_altar
D:3:      layout_rooms, gup_sewer_entry_bowl, amcnicky_mini_pool_small,
          minmay_fractal_squares_diagonal_5
D:4:      kennysheep_slugbush, layout_rooms, minmay_temple_entry_purple_smoke,
          serial_shops, nicolae_shop_behind_doors, uniq_edmund, uniq_robin,
          uniq_blork_the_orc

Skill      XL: |  1  2  3  4  5 |
---------------+----------------+-----
Axes           | 2 3 4 5 |  5.1
Fighting       | |  3.5
Armour         | |  3.2
Shields        | |  3.2

Action                   |  1- 3 |  4- 6 || total
-------------------------+-------+-------++-------
Melee: War axe           |    81 |   123 ||   204
Throw: Boomerang         |       |    12 ||    12
  Use: Scroll            |     3 |     7 ||    10
       Potion            |       |     2 ||     2
Armor: Scale mail        |     9 |       ||     9
       Chain mail        |    32 |    79 ||   111
Dodge: Dodged            |    26 |    62 ||    88
Block: Buckler           |    18 |    21 ||    39

Table legend:
 A = Non-vault XP
 B = Vault XP
 C = Vault XP percentage of total XP
 D = Non-vault monster count
 E = Vault monster count
 F = Vault count percentage of total count
                 A         B        C        D         E       F
            +---------+---------+-------+---------+---------+-------
      Total |     204 |      61 |  23.0 |      53 |      17 |  24.3
            +---------+---------+-------+---------+---------+-------
        D:1 |      27 |       0 |   0.0 |      15 |       0 |   0.0
        D:2 |      75 |       0 |   0.0 |      18 |       0 |   0.0
        D:3 |      35 |      29 |  45.3 |      13 |       9 |  40.9
        D:4 |      67 |      32 |  32.3 |       7 |       8 |  53.3
            +---------+---------+-------+---------+---------+-------
